 Dungeon Crawl Stone Soup version 0.18-a0-19-g8b99b3a (webtiles) character file.

1047 Nopony the Magician (level 8, -8/41 HPs)
             Began as a Deep Elf Fire Elementalist on Nov 1, 2015.
             Was a Priest of Ru.
             Mangled by an orc warrior
             ... wielding a +0 mace
              (11 damage)
             ... on level 6 of the Dungeon.
             The game lasted 00:53:27 (6007 turns).

Nopony the Magician (Deep Elf Fire Elementalist)    Turns: 6007, Time: 00:53:27

Health: -8/41      AC:  3    Str:  6    XL:     8   Next: 5%
Magic:  11/19      EV: 12    Int: 22    God:    Ru [***...]
Gold:   122        SH:  0    Dex: 15    Spells: 6 memorised, 3 levels left

rFire  . . .     SeeInvis .     (no weapon)
rCold  . . .     Clarity  .     k - +1 robe
rNeg   . . .     SustAt   .     (shield unavailable)
rPois  .         Gourm    .     (no helmet)
rElec  .         Spirit   .     (no cloak)
rCorr  .         Warding  .     (no gloves)
rMut   .         Rnd*Tele +     (no boots)
MR     .....                    (no amulet)
Stlth  +++.......               M - ring of teleportation (curse)
                                (ring unavailable)

@: drained, not resistant to hostile enchantments, fairly stealthy
A: missing a hand
a: Draw Out Power, Renounce Religion, Evoke Teleportation


You were on level 6 of the Dungeon.
You worshipped Ru.
Ru was most pleased with you.
You were not hungry.

You visited 1 branch of the dungeon, and saw 6 of its levels.

You collected 290 gold pieces.
You spent 168 gold pieces at shops.

Inventory:

Hand Weapons
 f - a +0 falchion
 l - a cursed -2 spear
 p - a +0 dire flail
 t - a +1 antimagic hand axe
 x - a +0 giant club
 H - a +0 mace of distortion
Missiles
 d - 71 stones (quivered)
 i - 37 arrows
 u - 27 bolts
 z - 22 poisoned needles
 D - 3 large rocks
Armour
 a - a +0 robe
 j - a +0 chain mail
 k - a +1 robe (worn)
 o - a +0 cloak
 q - a +0 chain mail
 r - a +0 robe
 w - a +0 helmet
 y - a +0 ring mail
 E - a +0 chain mail
 F - a +0 scale mail
 G - a +0 ring mail
 J - a +0 ring mail
Jewellery
 M - a cursed ring of teleportation (right hand)
Wands
 I - a wand of digging (7)
Scrolls
 e - 4 scrolls of identify
 g - a scroll of magic mapping
 s - 3 scrolls of remove curse
 C - a scroll of immolation
Potions
 c - a potion of flight {unknown}
 h - 2 potions of brilliance {unknown}
 n - a potion of haste {unknown}
 A - 3 potions of heal wounds
Books
 b - a book of Flames

   Spells                             Type                      Level
   a - Flame Tongue                   Conjuration/Fire             1
   b - Throw Flame                    Conjuration/Fire             2
   c - Conjure Flame                  Conjuration/Fire             3
   d - Inner Flame                    Hexes/Fire                   3
   e - Sticky Flame                   Conjuration/Fire             4
   f - Fireball                       Conjuration/Fire             5
 v - a book of Conjurations

   Spells                             Type                      Level
   a - Magic Dart                     Conjuration                  1
   b - Searing Ray                    Conjuration                  2
   c - Dazzling Spray                 Conjuration/Hexes            3
   d - Fulminant Prism                Conjuration/Hexes            4
   e - Iskenderun's Mystic Blast      Conjuration                  4
   f - Iskenderun's Battlesphere      Conjuration/Charms           5
Comestibles
 m - 4 fruits
 L - a slice of pizza


   Skills:
 - Level 2.4(1.8) Dodging
 + Level 5.0(4.4) Stealth
 + Level 6.5(5.9) Spellcasting
 * Level 5.2(4.6) Conjurations
 * Level 4.8(4.2) Charms
 + Level 5.8(5.2) Fire Magic


You had 3 spell levels left.
You knew the following spells:

 Your Spells              Type           Power        Failure   Level  Hunger
a - Flame Tongue          Conj/Fire      ####.        1%          1    None
b - Throw Flame           Conj/Fire      ####..       1%          2    None
c - Sticky Flame          Conj/Fire      ####....     14%         4    ####...
d - Conjure Flame         Conj/Fire      ####....     4%          3    ##.....
e - Searing Ray           Conj           ####..       1%          2    None
f - Iskenderun's Battles  Conj/Chrm      ####....     50%         5    #####..


Dungeon Overview and Level Annotations

Branches:
Dungeon (6/15)
 Temple: D:4-7

Altars:
Ashenzari
Elyvilon
Gozag
Nemelex Xobeh
Qazlal
Ru
Xom
Zin

Shops:
D:4 !   D:6 *

Annotations:
D:6 Sagrath01's ghost, novice MfIE


Innate Abilities, Weirdness & Mutations

You are missing a hand.


Message History

Casting: Conjure Flame
Confirm with . or Enter, or press ? or * to list all spells.
Okay, then.
Something unseen opens the door.
Casting: Conjure Flame
Confirm with . or Enter, or press ? or * to list all spells.
Aiming: Flame Tongue
Press: ? - help, Shift-Dir - straight line, f - orc warrior
Aim: an orc warrior, wielding a mace and wearing a chain mail The flame tongue hits the orc warrior.
The orc warrior appears unharmed.
The orc warrior hits you with a mace!
* * * LOW HITPOINT WARNING * * *
Casting: Flame Tongue
Confirm with . or Enter, or press ? or * to list all spells.
Aiming: Flame Tongue
Press: ? - help, Shift-Dir - straight line, f/p - orc warrior
Aim: an orc warrior, wielding a mace and wearing a chain mail The flame tongue hits the orc warrior.
The orc warrior appears unharmed.
The orc warrior hits you with a mace!
You die...

####.########....
.....#.........#######
.....[........##.....##
###..........##...8...##
#.##.......#.........#
...##.<.....#.⌠._._.⌠.#
.........#§###.........#
#..###...#.####...8...##
...##.........##@o...##
.......###.##.####'###
..#...# #.#...#.#.#..
......###.#...#.#.#.#
..............#.#.#.##
..._..###.#####.#.#..#
<...............#o##.# ###
)......##.#####.#.##.####.#
.+.### #.# #.#.##.#....#


You could see an orc warrior.

Vanquished Creatures
  2 sky beasts (D:5)
  2 ogres
  An orc warrior (D:3)
  2 giant frogs (D:6)
  A giant frog zombie (D:5)
  2 orc priests
  An orc wizard (D:3)
  A hound (D:4)
  A giant frog skeleton (D:4)
  3 iguanas
  2 worker ants
  A shadow imp (D:5)
  9 adders
  7 giant geckos
  13 orcs
  8 bats
  2 giant cockroaches
  A goblin (D:2)
  12 hobgoblins
  6 jackals
  A quokka (D:2)
  A ball python (D:6)
  A giant newt (D:1)
  6 kobolds
  4 rats
90 creatures vanquished.

Notes
Turn   | Place    | Note
--------------------------------------------------------------
     0 | D:1      | Nopony the Deep Elf Fire Elementalist began the quest for the Orb.
     0 | D:1      | Reached XP level 1. HP: 10/10 MP: 6/6
   192 | D:1      | Reached XP level 2. HP: 13/15 MP: 2/8
   201 | D:1      | Learned a level 2 spell: Throw Flame
   514 | D:1      | Reached skill level 4 in Fire Magic
  1066 | D:1      | Reached XP level 3. HP: 19/19 MP: 6/9
  1449 | D:2      | Found a white marble altar of Elyvilon.
  1449 | D:2      | Found a shimmering altar of Xom.
  1829 | D:2      | Reached XP level 4. HP: 10/24 MP: 2/11
  2047 | D:2      | Learned a level 4 spell: Sticky Flame
  2063 | D:3      | Noticed an orc warrior
  2069 | D:3      | Killed an orc warrior
  2069 | D:3      | Reached XP level 5. HP: 11/28 MP: 3/14
  2072 | D:2      | HP: 1/28 [goblin/club (1)]
  2525 | D:3      | Learned a level 1 spell: Magic Dart
  2528 | D:3      | Learned a level 2 spell: Searing Ray
  2679 | D:4      | Found a sacrificial altar of Ru.
  2687 | D:4      | Became a worshipper of Ru the Awakened
  2690 | D:4      | Noticed an ogre
  2704 | D:4      | Killed an ogre
  2704 | D:4      | Reached skill level 5 in Spellcasting
  2704 | D:4      | Reached XP level 6. HP: 32/32 MP: 7/16
  2744 | D:4      | Learned a level 5 spell: Iskenderun's Battlesphere
  2778 | D:4      | Found Sesolig's Distillery.
  2781 | D:4      | Bought a potion of agility for 56 gold pieces
  2781 | D:4      | Bought a potion of heal wounds for 70 gold pieces
  2781 | D:4      | Bought a potion of curing for 42 gold pieces
  3018 | D:4      | Reached skill level 5 in Fire Magic
  3128 | D:4      | Reached skill level 1 in Charms
  3683 | D:5      | Entered Level 5 of the Dungeon
  4201 | D:5      | Reached skill level 6 in Spellcasting
  4201 | D:5      | Reached XP level 7. HP: 20/36 MP: 5/18
  4891 | D:5      | Gained mutation: You are missing a hand. [Ru sacrifice]
  4891 | D:5      | Reached * piety under Ru
  4891 | D:5      | Reached ** piety under Ru
  4891 | D:5      | Reached *** piety under Ru
  4912 | D:5      | Found a glowing silver altar of Zin.
  5093 | D:6      | Found a stormy altar of Qazlal.
  5162 | D:6      | Found an opulent altar of Gozag.
  5162 | D:6      | Found a sparkling altar of Nemelex Xobeh.
  5227 | D:6      | Found a shattered altar of Ashenzari.
  5243 | D:6      | Learned a level 3 spell: Conjure Flame
  5704 | D:6      | Reached skill level 5 in Conjurations
  5809 | D:6      | Found Tumuh's Serpentskin Sales.
  5816 | D:6      | Reached skill level 5 in Stealth
  5818 | D:6      | Reached XP level 8. HP: 41/41 MP: 14/19
  5824 | D:6      | Noticed Sagrath01's ghost (novice MfIE)
  6007 | D:6      | Mangled by an orc warrior

Vault maps used:
D:1:      zaba_arrival_water, minmay_misc_feat_pillars
D:2:      gammafunk_temple_overflow_pools
D:4:      hangedman_ru_absence, first_bread, serial_shops, kennysheep_mini_moat
D:5:      overflow_temple_1_default, temple_green, serial_curves,
          eino_curves_03, eino_curves_04, eino_curves_03
D:6:      grunt_temple_overflow_opulence, ashenzari_conservatory_becter,
          basic_altar, grunt_ministairs_1, guppyfry_shop_venom

Action                   |  1- 3 |  4- 6 |  7- 9 || total
-------------------------+-------+-------+-------++-------
 Cast: Flame Tongue      |    41 |    49 |    44 ||   134
       Throw Flame       |    20 |    11 |    11 ||    42
       Searing Ray       |       |     5 |     2 ||     7
       Sticky Flame      |       |     5 |     8 ||    13
       Magic Dart        |       |     1 |       ||     1
       Iskenderun's Batt |       |       |     2 ||     2
       Conjure Flame     |       |       |     2 ||     2
Invok: Sacrifice a Hand  |       |       |     1 ||     1
       Draw Out Power    |       |       |     2 ||     2
  Use: Scroll            |     4 |     4 |     4 ||    12
       Potion            |       |     2 |     1 ||     3
  Eat: Bread ration      |     1 |       |     1 ||     2
       Beef jerky        |       |     1 |     1 ||     2
       Meat ration       |       |     1 |       ||     1
       Pizza             |       |       |     1 ||     1
